 Dungeon Crawl Stone Soup version 0.25-a0-1133-g93ebf739aa (webtiles) character file.

Game seed: 11207908314321626570, levelgen mode: deterministic

43353 Flugslaktarn the Pandemonic (level 13, -4/121 HPs)
             Began as a Deep Dwarf Fighter on May 20, 2020.
             Was a High Priest of Makhleb.
             Killed from afar by Mara (19 damage)
             ... with a bolt of fire
             ... on level 3 of the Spider Nest.
             The game lasted 00:09:58 (10944 turns).

Flugslaktarn the Pandemonic (Deep Dwarf Fighter)   Turns: 10944, Time: 00:09:59

Health: -4/121     AC: 30    Str: 22 (24) XL:     13   Next: 90%
Magic:  0/0        EV:  6    Int: 10      God:    Makhleb [*****.]
Gold:   909        SH: 17    Dex: 10 (12) Spells: 12/12 levels left

rFire    . . .     SeeInvis .   a - +1 war axe
rCold    . . .     Gourm    .   c - +0 kite shield
rNeg     . . .     Faith    .   u - +0 plate armour
rPois    +         Spirit   .   I - +0 helmet of Parlour Games {rCorr}
rElec    .         Reflect  +   v - +2 cloak
rCorr    +         Harm     .   n - +2 pair of gloves
MR       +....                  i - +1 pair of boots
Stlth    ..........             D - amulet of reflection
HPRegen  0.00/turn              p - +4 ring of protection
MPRegen  0.07/turn              o - ring of poison resistance

@: mighty, lethally poisoned (-4 -> -4), non-regenerating
A: damage resistance, heal wounds, sense surroundings 2, no regeneration
a: Heal Wounds, Minor Destruction, Lesser Servant of Makhleb, Major Destruction,
Greater Servant of Makhleb, Renounce Religion


You were on level 3 of the Spider Nest.
You worshipped Makhleb.
Makhleb was extremely pleased with you.
You were not hungry.

You visited 4 branches of the dungeon, and saw 23 of its levels.

You collected 1024 gold pieces.
You spent 115 gold pieces at shops.

Inventory:

Hand Weapons
 a - a +1 war axe (weapon)
Missiles
 s - 4 throwing nets (quivered)
Armour
 c - a +0 kite shield (worn)
 g - a scarf of resistance
   (You acquired it on level 8 of the Dungeon)
 i - a +1 pair of boots (worn)
   (You found it on level 2 of the Lair of Beasts)
 n - a +2 pair of gloves (worn)
   (You found it on level 11 of the Dungeon)
 u - a +0 plate armour (worn)
   (You found it on level 5 of the Dungeon)
 v - a +2 cloak (worn)
   (You found it on level 7 of the Dungeon)
 I - the +0 helmet of Parlour Games (worn) {rCorr}
   (You acquired it on level 10 of the Dungeon)

   It provides partial protection from all sources of acid and corrosion.
Jewellery
 k - an uncursed ring of fire
   (You found it on level 9 of the Dungeon)
 o - a ring of poison resistance (right hand)
   (You found it on level 4 of the Lair of Beasts)
 p - a +4 ring of protection (left hand)
   (You found it on level 4 of the Dungeon)
 B - an uncursed amulet of the acrobat {unknown}
   (You found it on level 1 of the Spider Nest)
 D - an amulet of reflection (around neck)
   (You found it on level 9 of the Dungeon)
Wands
 b - a wand of acid (6)
   (You found it on level 11 of the Dungeon)
 y - a wand of iceblast (7)
   (You found it on level 5 of the Dungeon)
 H - a wand of clouds (2)
   (You found it on level 4 of the Lair of Beasts)
Scrolls
 f - 4 scrolls of immolation
 r - a scroll of identify
 t - a scroll of vulnerability
 x - 2 scrolls of remove curse
 z - 2 scrolls of blinking
 A - a scroll of fear
 E - 2 scrolls of enchant weapon
 F - 3 scrolls of magic mapping
Potions
 d - 2 potions of might
 j - 6 potions of stabbing
 l - a potion of brilliance
 m - 2 potions of flight
 q - 6 potions of curing
 w - 3 potions of heal wounds
 C - 2 potions of cancellation
Comestibles
 e - 22 rations


   Skills:
 + Level 9.3 Fighting
 * Level 14.4 Axes
 + Level 11.1 Armour
 + Level 10.9 Shields
 - Level 15.0 Invocations


You had 12 spell levels left.
You didn't know any spells.
Your spell library was empty.

Dungeon Overview and Level Annotations

Branches:
Dungeon (15/15)            Temple (1/1) D:4            Lair (4/6) D:9
  Swamp (0/4) Lair:4       Spider (3/4) Lair:4       Depths (0/5) D:15
    Orc: D:9-12      Vaults: D:13-14

Altars:
Ashenzari
Cheibriados
Dithmenos
Elyvilon
Fedhas
Gozag
Hepliaklqana
Kikubaaqudgha
Makhleb
Nemelex Xobeh
Okawaru
Qazlal
Ru
Sif Muna
Trog
Uskayaw
Vehumet
Wu Jian
Xom
Yredelemnul
Zin
The Shining One

Shops:
D:6 *   D:10 }

Annotations:
D:6 3 runed translucent doors, vurker's ghost, novice TrHu
D:10 2 exclusions
Lair:3 exclusion: oklob plant
Spider:3 Mara


Innate Abilities, Weirdness & Mutations

You are resistant to damage.
You can heal yourself by infusing magical energy.
You passively map the area around you.
You do not regenerate.


Message History

You are too injured to fight recklessly!
You are too injured to fight recklessly!
You are too injured to fight recklessly!
You are too injured to fight recklessly!
Your magical essence is drained by the effort!
You feel much better.
Mara says, "Difficult is the way of exertion, difficult to pass, difficult to enter upon."
Mara gestures at you. The bolt of fire hits you!
* * * LOW HITPOINT WARNING * * *
You are too injured to fight recklessly!
You don't have enough innate magic capacity.
Evoke which item? (* to show all) (? for menu, Esc to quit)
Okay, then.
Press: ? - help, Shift-Dir - straight line, f - Mara
Aim: Mara, wielding a +2 demon whip of venom and wearing a +1 robe of magic resistance (severely wounded)
The zap misses Mara.
Mara blinks!
Mara gestures at you. The bolt of fire hits you!!
You die...

^ *### * ...## # * ,...#.#
....###### # ,, * ,,......^#.
...(.##..### ### .!....#..
....##.....###.. ........#
...###........#.
.#*#^.........##...##..........#
...# .......R...#^.###3§........#
....##.####...†.§####...........#
......##^.##.†.@.R.............#
,#......####^.†#######..........
#.....^..........# ##........#
##.............^#.# #^###.....
.#..............## # #.. .#####
#..............## ** ,...#
........|......# , , ##
#.##.............. ,
#.^.....##.##... *


You could see 2 Maras.

Vanquished Creatures
  Arachne (Spider:3)
  A ghost moth (Spider:3)
  Harold (D:7)
  A centaur warrior (D:11)
  A hydra (Lair:3)
  A two-headed ogre (D:10)
  A queen ant (Lair:4)
  5 skeletal warriors (D:11)
  A glowing orange brain (D:15)
  A lindwurm (shapeshifter) (D:15)
  5 wolf spiders
  A deep elf mage (D:14)
  An orb spider (Spider:3)
  An elephant (Lair:3)
  4 ugly things
  A guardian serpent (shapeshifter) (D:15)
  3 black mambas
  2 spiny frogs
  Maggie (D:6)
  3 komodo dragons
  A demonic crawler (Spider:2)
  A komodo dragon (shapeshifter) (D:15)
  5 jumping spiders
  A troll (D:13)
  4 polar bears (Lair:2)
  5 hornets
  4 blink frogs (Lair:3)
  4 slime creatures (D:15)
  A hippogriff (D:10)
  6 dream sheep (Lair:4)
  8 redbacks
  A wyvern (Lair:4)
  4 tarantellas
  12 yaks
  3 hungry ghosts
  Eustachio (D:6)
  A steam dragon (shapeshifter) (D:15)
  22 soldier ants (Lair:4)
  10 water moccasins
  A porcupine (Lair:2)
  An ice beast (D:10)
  An eye of draining (D:11)
  4 black bears
  A necrophage (D:9)
  4 phantoms
  2 orc warriors
  6 wolves (Lair:4)
  7 centaurs
  12 ogres
  5 crocodiles
  8 bullfrogs
  A water moccasin zombie (D:10)
  A scorpion (D:6)
  4 wights (D:13)
  2 electric eels (D:7)
  3 howler monkeys
  A crimson imp (D:10)
  2 quasits (D:6)
  3 bullfrog zombies
  A bullfrog skeleton (D:12)
  A centaur zombie (D:12)
  6 orc priests
  A centaur skeleton (D:11)
  3 hounds
  3 jellies
  10 orc wizards
  4 iguanas
  22 worker ants
  A hound skeleton (D:6)
  2 worker ant zombies
  4 gnolls (D:7)
  8 adders
  2 shadow imps
  6 adder skeletons
  A worm (D:2)
  6 leopard geckos
  23 orcs
  A giant cockroach (D:5)
  5 goblins
  3 hobgoblins
  17 jackals
  5 kobolds
  7 quokkas
  2 ball pythons (D:1)
  4 bats
  6 frilled lizards
  A leopard gecko skeleton (D:6)
  A quokka skeleton (D:6)
  3 rats (D:3)
  2 fungi
  2 plants (Lair:2)
362 creatures vanquished.

Vanquished Creatures (collateral kills)
  An emperor scorpion (Spider:1)
  2 entropy weavers (Lair:4)
  A spark wasp (Spider:3)
  2 hydras
  An orb spider (Spider:2)
  A centaur zombie (D:11)
  2 demonic crawlers (Spider:2)
  A jumping spider (Spider:2)
  A hippogriff (Lair:3)
  3 tarantellas
  5 redbacks
  A wyvern (Lair:3)
  A crocodile (Lair:3)
  A worker ant (Lair:4)
  An orc (D:11)
24 creatures vanquished.

Vanquished Creatures (others)
  3 fungi (Lair:4)
  9 plants
12 creatures vanquished.

Grand Total: 398 creatures vanquished

Notes
Turn   | Place    | Note
-------+----------+-------------------------------------------
     0 | D:1      | Flugslaktarn the Deep Dwarf Fighter began the quest for the
                  | Orb.
     0 | D:1      | Reached XP level 1. HP: 20/20 MP: 1/1
    77 | D:1      | Reached XP level 2. HP: 22/27 MP: 2/2
   185 | D:2      | Reached XP level 3. HP: 17/34 MP: 3/3
   385 | D:3      | Reached XP level 4. HP: 41/42 MP: 4/4
   470 | D:3      | Found a hazy altar of Hepliaklqana.
   497 | D:4      | Reached XP level 5. HP: 21/49 MP: 5/5
   664 | D:4      | Noticed an ogre
   670 | D:4      | Killed an ogre
   675 | D:4      | Noticed an ogre
   686 | D:4      | Killed an ogre
   686 | D:4      | Reached XP level 6. HP: 29/57 MP: 6/6
   836 | D:4      | Found a staircase to the Ecumenical Temple.
   892 | Temple   | Entered the Ecumenical Temple
   980 | Temple   | Became a worshipper of Makhleb the Destroyer
  1089 | D:4      | Reached skill level 5 in Axes
  1172 | D:4      | Reached skill level 1 in Invocations
  1250 | D:4      | Reached XP level 7. HP: 43/64 MP: 5/7
  1509 | D:5      | Entered Level 5 of the Dungeon
  1667 | D:5      | Reached skill level 5 in Armour
  1698 | D:5      | Reached skill level 5 in Shields
  1698 | D:5      | Reached skill level 2 in Invocations
  2122 | D:6      | Noticed Eustachio
  2167 | D:6      | Killed Eustachio
  2167 | D:6      | Reached skill level 3 in Invocations
  2167 | D:6      | Reached XP level 8. HP: 60/73 MP: 8/8
  2214 | D:6      | Reached * piety under Makhleb
  2286 | D:6      | Noticed Maggie
  2295 | D:6      | Killed Maggie
  2295 | D:6      | Reached skill level 5 in Fighting
  2295 | D:6      | Reached skill level 4 in Invocations
  2323 | D:6      | Found Plog's General Store.
  2331 | D:6      | Bought 2 potions of might for 80 gold pieces
  2331 | D:6      | Bought a scroll of magic mapping for 35 gold pieces
  2345 | D:6      | Noticed vurker's ghost (novice TrHu)
  2363 | D:6      | Found a runed translucent gate.
  2363 | D:6      | Found a runed translucent gate.
  2363 | D:6      | Found a runed translucent gate.
  2763 | D:7      | Noticed Harold
  2777 | D:7      | Gained mutation: You passively map the area around you.
                  | [Deep Dwarf growth]
  2777 | D:7      | Reached XP level 9. HP: 63/81 MP: 7/7
  2801 | D:7      | Killed Harold
  2801 | D:7      | Reached skill level 5 in Invocations
  3072 | D:7      | Found a stormy altar of Qazlal.
  3086 | D:7      | Reached skill level 6 in Invocations
  3766 | D:8      | Reached ** piety under Makhleb
  3941 | D:8      | Found an ancient bone altar of Kikubaaqudgha.
  3941 | D:8      | Found an opulent altar of Gozag.
  3942 | D:8      | Found an iron altar of Okawaru.
  3942 | D:8      | Found a bloodstained altar of Trog.
  4228 | D:8      | Reached XP level 10. HP: 67/91 MP: 8/8
  4332 | D:8      | Identified a scroll of acquirement
  4580 | D:9      | Found a staircase to the Lair.
  4668 | D:9      | Found a basalt altar of Yredelemnul.
  4683 | D:9      | Reached skill level 10 in Axes
  4700 | D:9      | Reached skill level 7 in Invocations
  5134 | Lair:1   | Entered Level 1 of the Lair of Beasts
  5233 | Lair:2   | Reached *** piety under Makhleb
  5352 | Lair:2   | Found a shimmering blue altar of Sif Muna.
  5696 | Lair:2   | Noticed a black mamba
  5708 | Lair:2   | Killed a black mamba
  5708 | Lair:2   | Reached skill level 8 in Invocations
  6015 | Lair:3   | Noticed a black mamba
  6017 | Lair:3   | Noticed an eight-headed hydra
  6024 | Lair:3   | Killed a black mamba
  6024 | Lair:3   | Reached XP level 11. HP: 64/100 MP: 4/4
  6051 | Lair:3   | Killed a 14-headed hydra
  6274 | Lair:3   | Noticed an oklob plant
  6471 | Lair:3   | Noticed an eight-headed hydra
  6484 | Lair:3   | Killed a ten-headed hydra
  6484 | Lair:3   | Reached skill level 9 in Invocations
  6980 | Lair:4   | Noticed a wolf spider
  6982 | Lair:4   | Found a hole to the Spider Nest.
  6998 | Lair:4   | Killed a wolf spider
  7279 | Lair:4   | Noticed a queen ant
  7284 | Lair:4   | Noticed an entropy weaver
  7317 | Lair:4   | Killed a queen ant
  7317 | Lair:4   | Reached XP level 12. HP: 73/110 MP: 1/1
  7317 | Lair:4   | Reached **** piety under Makhleb
  7317 | Lair:4   | Reached skill level 10 in Invocations
  7370 | Lair:4   | Noticed an entropy weaver
  7371 | Lair:4   | Reached skill level 10 in Armour
  7461 | Lair:4   | Killed an entropy weaver
  7528 | Lair:4   | Killed an entropy weaver
  7632 | Lair:4   | Found a shimmering altar of Xom.
  7701 | Lair:4   | Found a staircase to the Swamp.
  7772 | Lair:4   | Reached skill level 10 in Shields
  8054 | D:10     | Entered Level 10 of the Dungeon
  8088 | D:10     | Found Yxoann's Gadget Shop.
  8509 | D:10     | Noticed a two-headed ogre
  8521 | D:10     | Killed a two-headed ogre
  8605 | D:10     | Paralysed by a hornet for 1 turns
  8745 | D:10     | Paralysed by a hornet for 2 turns
  8751 | D:10     | Paralysed by a hornet for 3 turns
  8945 | D:10     | Got the +0 helmet of Parlour Games {rCorr}
  9004 | D:11     | Noticed a five-headed hydra
  9019 | D:11     | Killed an eight-headed hydra
  9103 | D:11     | Reached skill level 11 in Invocations
  9369 | D:11     | Noticed a centaur warrior
  9387 | D:11     | Killed a centaur warrior
  9387 | D:11     | Reached skill level 12 in Invocations
  9400 | D:11     | Reached skill level 13 in Invocations
  9400 | D:11     | Reached XP level 13. HP: 118/118 MP: 2/2
  9812 | D:13     | Reached ***** piety under Makhleb
  9901 | D:15     | Entered Level 15 of the Dungeon
  9985 | D:15     | Reached skill level 14 in Invocations
 10077 | D:15     | Found a staircase to the Depths.
 10334 | Spider:1 | Entered Level 1 of the Spider Nest
 10340 | Spider:1 | Paralysed by a hornet for 2 turns
 10433 | Spider:1 | Noticed an emperor scorpion
 10450 | Spider:1 | Reached skill level 15 in Invocations
 10462 | Spider:1 | Killed an emperor scorpion
 10672 | Spider:3 | Killed a ghost moth
 10791 | Spider:3 | Noticed a spark wasp
 10802 | Spider:3 | Killed a spark wasp
 10820 | Spider:3 | Noticed Arachne
 10852 | Spider:3 | Noticed Mara
 10860 | Spider:3 | Killed Arachne
 10871 | Spider:3 | Noticed Flugslaktarn's illusion
 10944 | Spider:3 | Killed from afar by Mara

Illustrated notes

Levels and vault maps discovered:
D:1:      matt_arrival_los_fun, layout_loops_ring, serial_bayou_ford_a,
          palyth_stone_intersect, chequers_jeans
D:2:      layout_loops_ring, first_ration, hex_medium, uniq_crazy_yiuf_cottage
D:3:      layout_basic, lemuel_crystal_altar
D:4:      layout_basic, minmay_temple_entry_enclosed_plants
D:5:      layout_basic
D:6:      layout_cave_pools, serial_shops, shop, gammafunk_ghost_split,
          uniq_eustachio, uniq_maggie
D:7:      layout_basic, basic_altar, grunt_ogre_cave, minivault_14, uniq_harold
D:8:      layout_gridville, chequers_temple_overflow_statue_of_worship,
          minivault_27
D:9:      layout_loops_cross, kennysheep_mini, david_lair_shrubbed
D:10:     cheibrodos_two_vegetables, layout_loops_corners, serial_shops, shop
D:11:     layout_roguey
D:12:     layout_rooms, minmay_orc_entry_temple_small
D:13:     minmay_the_grid_octo_tiled_squarecenter
          [minmay_the_grid_octo_fat_diamond, minmay_the_grid_octo_toaster,
          minmay_the_grid_octo_horde, minmay_the_grid_octo_tetromino_candy,
          minmay_the_grid_square_5x5_megaprize_checkered,
          minmay_the_grid_square_5x5_two_small,
          minmay_the_grid_square_5x5_spiral_small,
          minmay_the_grid_square_5x5_almost_minimal,
          minmay_the_grid_square_5x5_dogpile], layout_cave_pools, serial_shops,
          shop, nicolae_shop_crystal, nicolae_shop_crystal, shop_statue,
          serial_bayou_crossing
D:14:     layout_loops_ring, david_vaults_2, kennysheep_minor_cross
D:15:     gammafunk_enter_depths_forms, layout_grid_maze,
          hangedman_decor_lopped, minmay_mirror_moons_of_madness, uniq_louise,
          uniq_nessos, uniq_roxanne
Temple:   lightli_temple_of_artemis
Lair:1:   layout_chaotic_city, uniq_urug, uniq_fannar
Lair:2:   layout_chaotic_city, basic_altar, cheibrodos_lair_lostbears
Lair:3:   minmay_lair_oklob_tunnel, layout_regular_city
Lair:4:   layout_long_grid, swamp_mist_pool, spider_nest_entry_rubble,
          basic_altar, zaba_antful_of_joy
Spider:1: layout_spider_delve
Spider:2: layout_spider_delve, guppyfry_spider_mini_3
Spider:3: layout_chambers, uniq_arachne, uniq_mara

Skill      XL: |  1  2  3  4  5  6  7  8  9 10 11 12 13 |
---------------+----------------------------------------+-----
Fighting       | 3 4 5 6 7 8 9 |  9.3
Axes           | 3 4 5 6 8 9 11 12 13 14 | 14.4
Armour         | 4 5 6 7 8 9 10 11 | 11.1
Shields        | 4 5 6 7 8 9 10 | 10.9
Invocations    | 1 3 4 6 8 9 13 15 | 15.0

Action                   |  1- 3 |  4- 6 |  7- 9 | 10-12 | 13-15 || total
-------------------------+-------+-------+-------+-------+-------++-------
Melee: War axe           |    69 |   131 |   386 |   770 |   507 ||  1863
Invok: Lesser Servant of |       |       |       |    12 |    10 ||    22
       Minor Destruction |       |       |       |       |     1 ||     1
 Abil: Heal Wounds       |     3 |    10 |    14 |    25 |    18 ||    70
Evoke: Wand              |       |       |    10 |     4 |     2 ||    16
  Use: Scroll            |       |       |       |    29 |     1 ||    30
       Potion            |       |       |       |     3 |     7 ||    10
 Stab: Distracted        |       |       |       |       |     8 ||     8
  Eat: Chunk             |       |     2 |    10 |    14 |     1 ||    27
       Ration            |       |       |     3 |     2 |     2 ||     7
Armor: Scale mail        |    42 |    43 |       |       |       ||    85
       Plate armour      |       |       |   271 |   568 |   358 ||  1197
Dodge: Dodged            |    20 |    38 |    76 |   209 |   114 ||   457
Block: Kite shield       |    41 |    70 |   228 |   710 |   450 ||  1499
       Reflection        |       |       |       |     5 |     2 ||     7

Table legend:
 A = Non-vault XP
 B = Vault XP
 C = Vault XP percentage of total XP
 D = Non-vault monster count
 E = Vault monster count
 F = Vault count percentage of total count
                 A         B        C        D         E       F
            +---------+---------+-------+---------+---------+-------
      Total |   42710 |   19224 |  31.0 |     314 |      68 |  17.8
            +---------+---------+-------+---------+---------+-------
        D:1 |      15 |       0 |   0.0 |       9 |       0 |   0.0
        D:2 |      67 |       0 |   0.0 |      10 |       0 |   0.0
        D:3 |      73 |       0 |   0.0 |      17 |       0 |   0.0
        D:4 |     601 |       0 |   0.0 |      21 |       0 |   0.0
        D:5 |     470 |       0 |   0.0 |      13 |       0 |   0.0
        D:6 |     863 |     586 |  40.4 |      20 |       2 |   9.1
        D:7 |    1001 |    1103 |  52.4 |      21 |       2 |   8.7
        D:8 |     772 |       0 |   0.0 |      16 |       0 |   0.0
        D:9 |    2185 |     372 |  14.5 |      30 |       1 |   3.2
       D:10 |    2671 |     328 |  10.9 |      27 |       2 |   6.9
       D:11 |    7881 |       0 |   0.0 |      26 |       0 |   0.0
       D:12 |     170 |       0 |   0.0 |       5 |       0 |   0.0
       D:13 |     652 |       0 |   0.0 |       6 |       0 |   0.0
       D:14 |     563 |       0 |   0.0 |       1 |       0 |   0.0
       D:15 |     549 |    4129 |  88.3 |       2 |       9 |  81.8
     Lair:1 |     147 |       0 |   0.0 |       1 |       0 |   0.0
     Lair:2 |    1534 |    1176 |  43.4 |       8 |       4 |  33.3
     Lair:3 |    6056 |     589 |   8.9 |      24 |       4 |  14.3
     Lair:4 |    3801 |    7078 |  65.1 |      20 |      39 |  66.1
   Spider:1 |    2635 |       0 |   0.0 |       5 |       0 |   0.0
   Spider:2 |    4268 |     914 |  17.6 |      16 |       4 |  20.0
   Spider:3 |    5736 |    2949 |  34.0 |      16 |       1 |   5.9
            +---------+---------+-------+---------+---------+-------
